 Dungeon Crawl Stone Soup version 0.27-a0-1438-g9b7c6745da (webtiles) character file.

Game seed: 16845533106652997512

87 27snakeeyes612 the Shield-Bearer (level 4, -1/24 HPs)
             Began as a Vine Stalker Fighter on July 4, 2021.
             Slain by a gnoll (10 damage)
             ... on level 2 of the Dungeon.
             The game lasted 00:01:43 (2176 turns).

27snakeeyes612 the Shield-Bearer (VSFi)             Turns: 2176, Time: 00:01:43

Health: -1/24      AC:  7    Str: 19    XL:     4   Next: 51%
Magic:  0/5        EV:  7    Int:  8    God:
Gold:   59         SH:  0    Dex: 14    Spells: 3/3 levels left

rFire    . . .     SeeInvis +   a - +0 flail
rCold    . . .     Faith    .   c - +0 kite shield
rNeg     . . .     Spirit   +   b - +0 scale mail
rPois    .         Reflect  .   (no helmet)
rElec    .         Harm     .   e - +0 cloak
rCorr    .         Rampage  .   (no gloves)
Will     .....                  (no boots)
Stlth    ..........             (no amulet)
HPRegen  1.08/turn              n - ring of see invisible
MPRegen  0.09/turn              (no ring)

@: confused, ambrosia-drunk, attractive
A: fangs 2, regeneration 1, magic shield, antimagic bite, no potion heal 2
a: no special abilities


You were on level 2 of the Dungeon.
You visited 1 branch of the dungeon, and saw 3 of its levels.

You collected 59 gold pieces.

Inventory:

Hand Weapons
 a - a +0 flail (weapon)
Armour
 b - a +0 scale mail (worn)
 c - a +0 kite shield (worn)
 e - a +0 cloak (worn)
 f - a +0 plate armour
Jewellery
 n - a ring of see invisible (left hand)
Scrolls
 d - a scroll of vulnerability {unknown}
 g - 2 scrolls of magic mapping {unknown}
 i - a scroll of fog {unknown}
 k - a scroll of summoning {unknown}
 l - a scroll of immolation {unknown}
 m - 4 scrolls of teleportation {unknown}
Potions
 h - a potion of attraction
 o - a potion of degeneration {unknown}
 p - a potion of resistance {unknown}


   Skills:
 + Level 3.2 Fighting
 + Level 2.4 Maces & Flails
 + Level 3.0 Armour
 + Level 3.3 Shields


You had 3 spell levels left.
You didn't know any spells.
Your spell library contained the following spells:

 Spells                   Type           Power      Damage    Failure   Level
 Stone Arrow              Conj/Erth      0%         3d7       100%        3
 Animate Armour           Summ/Erth      0%         N/A       100%        4
 Lehudib's Crystal Spear  Conj/Erth      0%         10d2      100%        8


Dungeon Overview and Level Annotations

Branches:
Dungeon (3/15)

Altars:


Innate Abilities, Weirdness & Mutations

You have extremely sharp teeth.
Your natural rate of healing is unusually fast.
When hurt, damage is shared between your health and your magic reserves.
Your bite disrupts and absorbs the magic of your enemies.
Potions cannot restore your health.


Message History

No target in view!
No target in view!
No target in view!
A gnoll comes into view. It is wielding a +0 spear.
You see here a +0 club.
A gnoll is nearby!
A gnoll is nearby!
A gnoll comes into view.
It is wielding a +4 flail of protection.
You block the gnoll's attack.
The gnoll shouts!
You hear a shout!
You see here a +0 club.
Okay, then.
You block the gnoll's attack.
There is a stone staircase leading up here.
The gnoll barely misses you.
The gnoll hits you with a +4 flail of protection.
You climb upwards.
There is a stone staircase leading down here.
The gnoll hits you from afar with a +0 spear.
The gnoll hits you with a +4 flail of protection!
It was a potion of attraction.
You feel attractive to monsters. The gnoll is pulled toward you!
It was a potion of ambrosia.
You are confused.
Your system rejects the healing.
You feel invigorated.
The gnoll hits you with a +4 flail of protection!
The gnoll hits you from afar with a +0 spear.
You bump into the rock wall.
The gnoll hits you with a +4 flail of protection.
The gnoll hits you from afar with a +0 spear.
You're too confused to move!
The gnoll hits you with a +4 flail of protection!
* * * LOW HITPOINT WARNING * * *
The gnoll barely misses you.
You bump into the rock wall.
The gnoll hits you but does no damage. The gnoll barely misses you.
You hit the gnoll but do no damage.
The gnoll hits you with a +4 flail of protection!
You die...

≈.≈..##.......#≈≈≈.....########..
...≈..#.......#......≈........#..
..≈.≈.#.........###.≈≈#######....
......#.##.##...###.#≈# ###..
......#.##.#..#..##############..
........##.#.###....###....>..#..
.....>#.##...######...#.......#†.
.........(.....######.#.......#..
##..............@gg...#.......#..
#..............######.........#..
....##.........##....#........#..
#.#.##.........##....#........#..
...............##................
######......)..##.......#≈....#..
# ##.........##...≈≈...≈.......
#####................≈≈..≈≈≈.#...
......#...............≈≈....≈≈...


You could see 2 gnolls.

Vanquished Creatures
  3 adders
  A gnoll (D:3)
  2 worms (D:2)
  3 endoplasms
  A giant cockroach (D:1)
  4 goblins
  4 hobgoblins
  8 jackals
  A quokka (D:1)
  2 ball pythons (D:1)
  4 bats
  3 frilled lizards
  5 kobolds
  3 rats
44 creatures vanquished.

Notes
Turn   | Place    | Note
-------+----------+-------------------------------------------
     0 | D:1      | 27snakeeyes612 the Vine Stalker Fighter began the quest for
                  | the Orb.
     0 | D:1      | Reached XP level 1. HP: 11/11 MP: 2/2
   284 | D:1      | Reached XP level 2. HP: 4/16 MP: 1/3
  1152 | D:2      | Reached XP level 3. HP: 19/20 MP: 2/4
  1700 | D:2      | Gained mutation: Your natural rate of healing is unusually
                  | fast. [Vine Stalker growth]
  1700 | D:2      | Reached XP level 4. HP: 24/24 MP: 5/5
  1844 | D:2      | Found a faded altar of an unknown god.
  2176 | D:2      | Slain by a gnoll

Illustrated notes

Levels and vault maps discovered:
D:1:      dpeg_arrival_tiny_h, layout_basic, serial_glass, glass_columns_a,
          glass_columns_b, glass_columns_b, glass_columns_a, serial_park_tiny_1
D:2:      layout_rooms, chequers_ecumenical_altar_simple, serial_rivers,
          chequers_serial_rivers_small_b, chequers_serial_rivers_small_b,
          chequers_serial_rivers_room_a, chequers_serial_rivers_micro_c,
          minmay_misc_feat_enclosed, minmay_heptomino_l4
D:3:      layout_loops_ring, nemelex_dance_club_becter, uniq_crazy_yiuf_cottage

Skill      XL: |  1  2  3  4 |
---------------+-------------+-----
Maces & Flails | 2 |  2.4
Shields        | 3 |  3.3
Fighting       | 3 |  3.2
Armour         | 3 |  3.0

Action                   |  1- 3 |  4- 6 || total
-------------------------+-------+-------++-------
Melee: Flail             |    88 |    36 ||   124
       Bite              |    20 |     8 ||    28
  Use: Potion            |     1 |     2 ||     3
Armor: Scale mail        |    44 |    27 ||    71
Dodge: Dodged            |    27 |    20 ||    47
Block: Kite shield       |    49 |    32 ||    81

Table legend: (Time is in decaauts)
 A = Elapsed time spent in this place.
 B = Non-inter-level travel time spent in this place.
 C = Inter-level travel time spent in this place.
 D = Time resting spent in this place.
 E = Time spent auto-exploring this place.
 F = Levels seen in this place.
 G = Mean time per level.
                   A        B        C        D        E       F      G
               +--------+--------+--------+--------+--------+-----+--------+
         Total |   2243 |   2204 |     39 |    267 |   1555 |   3 |  747.7 |
       Dungeon |   2243 |   2204 |     39 |    267 |   1555 |   3 |  747.7 |
               +--------+--------+--------+--------+--------+-----+--------+

Top non-repeatable levels by time:
     D:1: 1172 daAuts
     D:2: 940 daAuts
     D:3: 130 daAuts
